[Event "*** Titled Tuesday Blitz"]
[Site "Chess.com"]
[Date "2021.03.30"]
[Round "8"]
[White "andy_rekt"]
[Black "Mazanchenko_Dmitry"]
[Result "1-0"]
[WhiteElo "2302"]
[BlackElo "2204"]
[TimeControl "180+1"]
[EndTime "11:30:30 PDT"]
[Termination "andy_rekt won on time"]

1. d4 g6 2. c4 Bg7 3. Nc3 d6 4. e4 Nc6 5. Nge2 e5 6. d5 Nd4 7.
Nxd4 exd4 8. Ne2 c5 9. dxc6 bxc6 10. Nxd4 Qa5+ 11. Bd2 Qb6 12. Bc3 Ne7 13. Be2 O-O 14. O-O Rd8 15. Qd2 d5 16. exd5 cxd5 17. Ba5 Qxd4 18.
Qxd4 Bxd4 19. Bxd8 Nc6 20. Bc7 Ba6 21. Rac1 Rc8 22.
Bg3 Na5 23. b3 dxc4 24. Rfd1 Bb2 25. Rc2 Bf6 26. b4 Nb7 27. a4 Nd8 28. b5 Bb7 29. Rxc4 Ra8 30. Rd7 a6 31. h4 axb5 32. axb5 Ra1+ 33. Kh2 Rb1 34. Rcc7 Be4 35. Rxf7 Nxf7 36.
h5 Bd5 37. hxg6 hxg6 38. Rd7 Be6 39. Ra7 Be5 40. Bd3 Bxg3+ 41. Kxg3 Ne5 42. Bxb1 Bc4 43. b6 Nc6 44. Ra8+ Kf7 45. b7 Bd5 46. Rc8 Ne7 47.
Rc7 Bxb7 48. Rxb7 Kf6 49. Kf4 Nd5+ 50. Kf3 Nc3 51. Bd3 Nd5 52. Ke4 Nc3+ 53. Kd4 Nd1 54. Rb6+ Kg5 55. Rxg6+ Kh5 56. Rg3 Nxf2 57. Ke3 Nd1+ 58.
Kd2 Nb2 59. Be2+ Kh4 60. Rh3+ Kg5 61. Kc3 Na4+ 62. Kd4 Nb6 63. Rg3+ Kf4 64. Rf3+ Kg5 65. Ke5 Nd7+ 66. Kd6 Nb6 67. Rg3+ Kf4 68. Rg4+ Kf5 69. Bf3 Nc8+ 70. Kc7 Ne7 71. Ra4 Ng6 72. g4+ Kg5 73. Kd6 1-0

[Event "*** Titled Tuesday Blitz"]
[Site "Chess.com"]
[Date "2021.03.30"]
[Round "8"]
[White "frederiksvane"]
[Black "Twitch_ElhamBlitz05"]
[Result "1-0"]
[WhiteElo "2713"]
[BlackElo "2854"]
[TimeControl "180+1"]
[EndTime "11:30:32 PDT"]
[Termination "frederiksvane won by checkmate"]

1. a3 d5 2. Nf3 g6 3. d4 Bg7 4.
e3 Nf6 5. Be2 O-O 6. O-O Nbd7 7.
b4 a5 8. b5 c5 9. bxc6 bxc6 10. c4 Ba6 11. Nbd2 Ne4 12. Nxe4 dxe4 13. Nd2 e5 14.
Nxe4 exd4 15. exd4 Nb6 16. Bg5 Qxd4 17. Qxd4 Bxd4 18.
Rad1 c5 19. Bf3 Bxc4 20. Rfe1 Rab8 21. Be7 Rfe8 22. Nd6 Bb3 23. Rc1 Rxe7 24. Rxe7 Nd5 25. Rxf7 Rd8 26. Nb7 Rb8 27. Rd7 Nb6 28. Rd6 Nc4 29.
Bd5+ Kg7 30. Bxc4 Bxc4 31. Rxc4 Rxb7 32. g3 Rb1+ 33. Kg2 Rb2 34. Rdxd4 cxd4 35. Rxd4 Rb3 36. Ra4 Rb5 37. Kf3 h5 38. h4 Kf6 39. Ke3 Ke6 40. Kd4 Kf5 41. Kc4 Re5 42. Kb3 Kf6 43. Rf4+ Ke6 44.
Kc4 Kd6 45. Rd4+ Ke6 46. Rf4 Re1 47. Kb5 Re5+ 48. Kb6 Rd5 49. a4 Re5 50. Rc4 Rd5 51. Rc5 Rd2 52. f4 Rd3 53. Rg5 Kf6 54. Kxa5 Rb3 55.
Ka6 Kf7 56. a5 Kf6 57. Ka7 Kf7 58. a6 Kf6 59. Ka8 Kf7 60. f5 gxf5 61. Rxf5+ Ke6 62. Rxh5 Rxg3 63. Kb7 Rb3+ 64. Kc6 Ra3 65. Kb6 Kd7 66. a7 Kd6 67. Ra5 Rb3+ 68. Ka6 Rb8 69. axb8=Q+ Kc6 70. Qb7+ Kd6 71. Rd5+ Ke6 72. Qd7+ Kf6 73. Rf5+ Kg6 74. Qf7+ Kh6 75. Rh5# 1-0

[Event "*** Titled Tuesday Blitz"]
[Site "Chess.com"]
[Date "2021.03.30"]
[Round "8"]
[White "gui_borba"]
[Black "ecwinslow"]
[Result "0-1"]
[WhiteElo "2426"]
[BlackElo "2299"]
[TimeControl "180+1"]
[EndTime "11:30:32 PDT"]
[Termination "ecwinslow won by checkmate"]

1. Nf3 c5 2. b3 Nc6 3. Bb2 d6 4. d4 cxd4 5. Nxd4 Bd7 6. e3 Nf6 7. Be2 e6 8. O-O Be7 9. c4 O-O 10. Nd2 a6 11. N2f3 Rb8 12. Rc1 Nxd4 13. Nxd4 b5 14.
cxb5 axb5 15. b4 Qb6 16. a3 e5 17. Nb3 Rfc8 18. Rxc8+ Rxc8 19. Qb1 Bc6 20. Rc1 Bb7 21. Rxc8+ Bxc8 22. Qd3 Bd7 23. Na5 Ne8 24. Bf3 Nc7 25. h3 f6 26. e4 Be6 27. Bg4 Bxg4 28. hxg4 Kf8 29. Bc1 Ne6 30. Be3 Qc7 31. Qxb5 g6 32.
Nc6 Nd8 33. Nxd8 Bxd8 34. a4 Qc2 35. a5 Qxe4 36. a6 Qxg4 37. a7 Qd1+ 38. Qf1 Qa4 39. b5 d5 40. b6 d4 41. Qb1 dxe3 42. b7 exf2+ 43. Kxf2 Qxa7+ 44. Kf1 Bc7 45. Qb5 Bb8 46. Qd7 Qa6+ 47. Ke1 Qd6 48. Qxh7 f5 49. Ke2 e4 50.
Ke1 Qb4+ 51. Ke2 Qc4+ 52. Kf2 Ba7+ 53. Kg3 Qd3+ 54. Kf4 Qe3+ 55. Ke5 Qc5+ 56. Ke6 Qc6+ 57. Ke5 Bb8+ 58. Kd4 Qd6+ 59. Ke3 Qg3+ 60. Kd4 Ba7+ 61. Kd5 Bb8 62. Qh8+ Kf7 63. Qh7+ Kf6 64. Qh8+ Kg5 65. Qd8+ Kg4 66. Qe8 Qd6+ 67. Kc4 Qc7+ 68. Kd5 Qxb7+ 69. Kd4 Qb6+ 70. Kc3 Qc7+ 71. Kd2 Qd6+ 72. Ke2 Qd3+ 73. Ke1 Bf4 74. Qxg6+ Kh4 75. Qh7+ Kg4 76. Qg6+ Bg5 77. Qh7 Bh4+ 78. g3 Bxg3# 0-1

[Event "*** Titled Tuesday Blitz"]
[Site "Chess.com"]
[Date "2021.03.30"]
[Round "8"]
[White "anon481216"]
[Black "ShapkinAnatoliy"]
[Result "1/2-1/2"]
[WhiteElo "2530"]
[BlackElo "2659"]
[TimeControl "180+1"]
[EndTime "11:30:34 PDT"]
[Termination "Game drawn by repetition"]

1. d4 Nf6 2. c4 g6 3. Nc3 d5 4. cxd5 Nxd5 5. g3 Bg7 6. Bg2 Nxc3 7. bxc3 O-O 8. Nf3 c5 9. O-O Nc6 10. e3 b6 11. Ne5 Nxe5 12. Bxa8 Bg4 13. f3 Bh3 14.
Be4 Bxf1 15. Qxf1 Nd7 16. f4 cxd4 17. cxd4 Nc5 18. Bg2 Bxd4 19. Rb1 Bg7 20. Kh1 Qd3 21. Qxd3 Nxd3 22. Ba3 Rc8 23. Bf1 Nc5 24. Rc1 e6 25.
Bxc5 bxc5 26. Kg2 Bf8 27. Bc4 Rd8 28. Rc2 Kg7 29. Kf3 Kf6 30. e4 e5 31. fxe5+ Kxe5 32. Bxf7 Rd3+ 33. Ke2 Ra3 34. Bd5 Bd6 35. Rd2 Rc3 36. Rd3 Rc2+ 37. Rd2 Rc1 38. Rd1 Rxd1 39. Kxd1 Kd4 40. Kc2 Be5 41. Bg8 h6 42. Bh7 g5 43.
Bf5 c4 44. Kd2 c3+ 45. Kc2 Ke3 46. h4 g4 47. Bxg4 Kxe4 48. h5 Kd4 49. Bf5 Bxg3 50.
Bg6 Be5 51. Bf7 Ke4 52. Bg6+ Kf4 53. Bf7 Kg5 54. Bg6 Kf6 55. Be8 Ke7 56. Bg6 a5 57.
Be4 Ke6 58. Bg6 Bd4 59. Bd3 Kd5 60. Bg6 Kc5 61. Bf7 Kd6 62. Bg6 Ke5 63. Be8 Kf6 64.
Bg6 Be5 65. Bd3 Kg5 66. Bg6 Bg7 67. Be8 Kf6 68. Bg6 Ke6 69. Be8 Ke7 70. Bg6 Kf8 71. Bd3 Ke7 72. Bg6 Kd6 73. Bd3 Kc5 74. Bg6 Kb4 75. Bf7 Ka3 76. Bg8 Bf6 77. Bf7 Kb4 78. Bg8 Kc5 79. Bf7 Kd4 80. Bg6 Ke3 81. Bf7 Kf3 82. Be8 Kg3 83. Bf7 Kf4 84. Be8 Kg5 85. Bg6 Be5 86. Be8 Kf6 87. Bg6 Ke7 88. Bd3 Kf6 89. Bg6 Kg5 90. Be8 Kg4 91. Bg6 Kh4 92.
Be8 Bd6 93. Bg6 Bb4 94. Be8 Kg5 95. Bg6 a4 96. Be8 a3 97. Bg6 Kf4 98. Be8 Ke5 99. Bg6 Kd4 100. Be8 Kc5 101. Bg6 Ba5 102. Be8 Kb4 103. Bg6 Bc7 104. Bf7 Bf4 105. Bg6 Bd2 106. Bf7 Kc5 107.
Bg6 Kd4 108. Bd3 Ke3 109. Bg6 Be1 110. Bf7 Kf4 111. Bg6 Kg5 112. Be8 Kf6 113. Bg6 Ke6 114. Bd3 Ke5 115. Bg6 Bd2 116. Be8 Kd4 117. Bg6 Kc4 118. Bf7+ Kb4 119. Bg6 Ka4 120. Bf7 Kb4 121. Bg6 Ka4 122. Bf7 Kb4 1/2-1/2

[Event "*** Titled Tuesday Blitz"]
[Site "Chess.com"]
[Date "2021.03.30"]
[Round "8"]
[White "prachiti01"]
[Black "chenrip"]
[Result "1-0"]
[WhiteElo "2115"]
[BlackElo "2474"]
[TimeControl "180+1"]
[EndTime "11:30:44 PDT"]
[Termination "prachiti01 won on time"]

1. Nf3 Nf6 2. g3 b5 3. Bg2 Bb7 4. O-O c5 5. d3 e6 6. e4 d5 7.
exd5 Nxd5 8. Bd2 Be7 9. Nc3 b4 10. Nxd5 Bxd5 11. Re1 O-O 12. c3 a5 13. d4 cxd4 14. cxd4 Nc6 15. a3 b3 16. Rc1 a4 17. Bc3 Bf6 18. Ne5 Bxg2 19. Kxg2 Qd5+ 20. Qf3 Ne7 21. Bb4 Qxf3+ 22. Kxf3 Rfc8 23. Nd7 Nd5 24. Nxf6+ gxf6 25. Rxc8+ Rxc8 26. Bc5 Kg7 27. Rc1 Nb6 28. Ke4 Kg6 29. h3 Nd7 30. f4 f5+ 31. Ke3 Nf6 32.
Rc4 Ra8 33. Kf3 Ne4 34. Rb4 Kf6 35. g4 Ra6 36. gxf5 Kxf5 37. Be7 Nd2+ 38. Ke2 Ne4 39. Ke3 Ng3 40. Rb5+ Kg6 41. Rg5+ Kh6 42. Rxg3 Rc6 43. Bc5 Kh5 44. Rg5+ Kh4 45. Rg7 h5 46. Rh7 f5 47.
Rh6 Rc8 48. Kd3 Rg8 49. Be7+ Kg3 50. Bg5 Kxh3 51. Rxh5+ Kg4 52. Rh7 Rc8 53. Ra7 Rc2 54. Rxa4 Rxb2 55. Rb4 Rb1 56. a4 Kf3 57. a5 Ra1 58. Rxb3 Rxa5 59. Rb6 Ra3+ 60. Kc4 Ra4+ 61. Kc5 Ra5+ 62. Kd6 Rd5+ 63. Kxe6 Rxd4 64. Kxf5 Rd5+ 65. Kg6 Ke4 66. Re6+ Kf3 67. f5 Kg4 68. Rf6 Ra5 69. Bh6 Rb5 70. Bg7 Ra5 71. Rf8 Ra6+ 72. f6 Rb6 73. Re8 Ra6 74. Bf8 Kf4 75. Be7 Ke5 76. Kg7 1-0

[Event "*** Titled Tuesday Blitz"]
[Site "Chess.com"]
[Date "2021.03.30"]
[Round "8"]
[White "NikolaN98"]
[Black "MaevskiyNikolay"]
[Result "0-1"]
[WhiteElo "2657"]
[BlackElo "2547"]
[TimeControl "180+1"]
[EndTime "11:30:45 PDT"]
[Termination "MaevskiyNikolay won by checkmate"]

1. e4 c6 2. d4 d5 3. exd5 cxd5 4. Bd3 Nc6 5. c3 Nf6 6. Nf3 Bg4 7. O-O e6 8. h3 Bh5 9. Re1 Be7 10. Nbd2 O-O 11. a4 Rc8 12. Qe2 a6 13. Nf1 Bg6 14. Bxg6 hxg6 15.
Ng5 Nh7 16. Nxh7 Kxh7 17. Nd2 Kg8 18. Qg4 Bf6 19. Nf3 Re8 20. Bf4 Na5 21. Re2 Kf8 22. Bg5 Nc6 23. Rae1 Ne7 24. h4 Nf5 25. h5 gxh5 26.
Qxh5 g6 27. Qg4 Bxg5 28. Nxg5 Kg7 29. Qf4 Qc7 30. Qd2 Rh8 31. g3 Rce8 32. Kg2 Qd6 33. Rh1 Rxh1 34. Kxh1 Rh8+ 35. Kg2 Qd7 36. Qf4 Qe7 37.
Re1 Qd6 38. Qd2 Qd7 39. Qd1 Nd6 40. Rh1 Qd8 41. Rxh8 Kxh8 42. Qh1+ Kg8 43. Qh7+ Kf8 44. f4 Qf6 45. Kf3 Ke7 46. Qg8 Qf5 47. Qb8 Qd3+ 48. Kg2 Qe2+ 49. Kh3 Qf1+ 50. Kh2 Qf2+ 51. Kh3 Qf1+ 52.
Kh2 Qe2+ 53. Kg1 Qd1+ 54. Kf2 Ne4+ 55. Nxe4 Qc2+ 56. Kg1 dxe4 57. Qxb7+ Kf8 58. Qb8+ Kg7 59. Qe5+ Kh7 60. Qf6 Qd1+ 61. Kg2 Qf3+ 62. Kh2 Kg8 63. Qd8+ Kg7 64. Qc7 e3 65. Qe5+ Kh7 66. Qf6 Kg8 67. Qe5 Qf2+ 68. Kh3 e2 69. Qb8+ Kg7 70. Qe5+ Kh7 71.
Qc7 Qf1+ 72. Kh4 Qh1+ 73. Kg5 Qh6+ 74. Kf6 Qg7+ 75. Kg5 e1=Q 76. Kg4 Qe2+ 77. Kh4 Qh6# 0-1

[Event "*** Titled Tuesday Blitz"]
[Site "Chess.com"]
[Date "2021.03.30"]
[Round "8"]
[White "Borsuk_Konstantin"]
[Black "adricalderon8"]
[Result "1-0"]
[WhiteElo "2666"]
[BlackElo "2521"]
[TimeControl "180+1"]
[EndTime "11:30:47 PDT"]
[Termination "Borsuk_Konstantin won by checkmate"]

1. d4 Nf6 2. c4 b6 3. Nc3 Bb7 4. f3 d5 5. cxd5 Nxd5 6. e4 Nxc3 7. bxc3 e5 8. Be3 exd4 9. cxd4 Bb4+ 10. Kf2 O-O 11.
Nh3 c5 12. dxc5 Nd7 13. cxb6 Qf6 14. bxa7 Ne5 15. Nf4 Bc5 16. Bxc5 Qxf4 17. Qc1 Qh4+ 18. g3 Qf6 19. Qf4 Ng4+ 20. fxg4 Qxa1 21. Bxf8 Qxa2+ 22. Be2 Qxa7+ 23. Qe3 Kxf8 24. Qxa7 Rxa7 25. Ke3 Ra3+ 26.
Bd3 Ba6 27. Rd1 Ke7 28. g5 Ke6 29. Kd4 Ra4+ 30. Ke3 Ra3 31. Ke2 Bxd3+ 32. Rxd3 Ra5 33. h4 Ra2+ 34. Ke3 Rg2 35. Kf3 Rg1 36. Rb3 Rf1+ 37.
Ke2 Rg1 38. Kf2 Ra1 39. Rb6+ Ke7 40. Kf3 Rf1+ 41. Kg4 Rf2 42. h5 Rf1 43. h6 g6 44.
Rb8 Re1 45. Kf3 Rf1+ 46. Ke2 Rg1 47. Kf2 Ra1 48. Kf3 Rf1+ 49. Kg4 Re1 50. Rh8 Rxe4+ 51.
Kh3 Re5 52. Kh4 Re4+ 53. g4 Re1 54. Rxh7 Rh1+ 55. Kg3 Rg1+ 56. Kf3 Rh1 57. Rh8 Ke6 58. Re8+ Kd7 59. Ra8 Ke6 60. Ra6+ Ke7 61. Kg2 Rh4 62.
Kg3 Rh1 63. Rb6 Ke8 64. Rb7 Kf8 65. Kf4 Rf1+ 66. Ke3 Rh1 67. Rb2 Kg8 68. Kf4 Rf1+ 69. Kg3 Kf8 70. Rf2 Rh1 71. Kf4 Ke7 72. Re2+ Kd6 73.
Kg3 Kd7 74. Rh2 Rg1+ 75. Kf2 Rxg4 76. h7 Rf4+ 77. Ke3 Rf5 78. h8=Q Rxg5 79. Rh4 Ke6 80. Re4+ Kf5 81. Qe5# 1-0

[Event "*** Titled Tuesday Blitz"]
[Site "Chess.com"]
[Date "2021.03.30"]
[Round "8"]
[White "seorobert1971"]
[Black "theredking89"]
[Result "1-0"]
[WhiteElo "2741"]
[BlackElo "2558"]
[TimeControl "180+1"]
[EndTime "11:30:52 PDT"]
[Termination "seorobert1971 won on time"]

1. Nf3 Nf6 2. d4 g6 3. c4 Bg7 4.
Nc3 O-O 5. e4 d6 6. Be2 c5 7. d5 e6 8. O-O exd5 9. cxd5 Re8 10. Nd2 Na6 11. Re1 Nc7 12. Bf1 b6 13. Nc4 Ba6 14.
Bf4 Bxc4 15. Bxc4 Qd7 16. a4 a6 17. Qd3 Nh5 18. Bd2 Reb8 19. f4 Bxc3 20. bxc3 b5 21.
Ba2 bxa4 22. e5 Rb2 23. Bc4 Qg4 24. Rf1 dxe5 25. fxe5 Rd8 26. Rf2 a3 27. d6 Ne6 28.
h3 Qg3 29. Rxa3 Qxe5 30. Rxa6 Nhf4 31. Qf1 g5 32. Bxe6 Nxe6 33. Bf4 Qxc3 34. Rxb2 Qxb2 35. Bg3 Qd4+ 36. Kh2 h5 37. Ra7 Nf4 38. Bxf4 Qxf4+ 39. Qxf4 gxf4 40. Rc7 Rxd6 41. Rxc5 f3 42. gxf3 h4 43.
Rc4 Rd2+ 44. Kg1 Rd1+ 45. Kf2 Rd2+ 46. Ke3 Rh2 47. Rxh4 Kg7 48. Kf4 Ra2 49. Rg4+ Kf6 50. h4 Ra4+ 51. Kg3 Ra1 52. Rb4 Rg1+ 53. Kf2 Rh1 54. Kg2 Ra1 55. Rb5 Kg6 56. Kg3 f6 57. h5+ Kh6 58. Kf4 Rg1 59. Rf5 Kg7 60. Rb5 Kh6 61.
Rb6 Kg7 62. Rb7+ Kf8 63. Kf5 Kg8 64. f4 Rh1 65. Kxf6 Ra1 66. Rb8+ Kh7 67. Rb7+ Kh6 68. Rb6 Kh7 69. f5 Re1 70. Re6 Ra1 71. Kf7 Ra7+ 72. Re7 Ra5 73. f6 Ra1 74. Kf8+ Kh8 75. f7 Kh7 76. Re8 Ra7 77. Rd8 Ra1 78. Ke7 1-0

[Event "*** Titled Tuesday Blitz"]
[Site "Chess.com"]
[Date "2021.03.30"]
[Round "8"]
[White "Chesswizard_2007"]
[Black "BvsN"]
[Result "1-0"]
[WhiteElo "2675"]
[BlackElo "2375"]
[TimeControl "180+1"]
[EndTime "11:30:53 PDT"]
[Termination "Chesswizard_2007 won by resignation"]

1. a3 d5 2. d4 Nf6 3. Nf3 Bf5 4. e3 Nbd7 5. Bd3 Bg6 6. O-O e6 7. b3 Bd6 8. Bb2 Ne4 9. Nbd2 f5 10. Ne5 Nxe5 11. dxe5 Be7 12. b4 O-O 13. Nb3 f4 14. f3 Ng5 15. Bxg6 hxg6 16. exf4 Rxf4 17. Bc1 Rf5 18.
Nd4 Rxe5 19. f4 Re4 20. fxg5 Bxg5 21. Bxg5 Qxg5 22. Kh1 Re8 23. Qf3 Qe7 24. c3 e5 25.
Ne2 c6 26. Qd3 Rf8 27. Ng3 Ref4 28. Qxg6 R8f6 29. Qd3 e4 30. Qe2 e3 31. Rxf4 Rxf4 32. Re1 Qg5 33. Qxe3 d4 34. cxd4 Kh7 35. Qe5 Qh4 36.
d5 cxd5 37. Qxd5 Rf6 38. Qh5+ Qxh5 39. Nxh5 Rf2 40. h3 Ra2 41. Re7 Rxa3 42. Rxb7 a5 43. bxa5 Rxa5 44. Nxg7 Kh8 45. Ne6 Ra6 46. Nf4 Ra4 47. g3 Ra2 48. Ng2 Ra1+ 49. Kh2 Ra2 50. Rb4 Rc2 51. Rh4+ Kg8 52. Rg4+ Kh8 53. Rf4 Rb2 54.
h4 Ra2 55. Rf5 Rb2 56. Rh5+ Kg8 57. Rg5+ Kh8 58. Kh3 Rb4 59. Rh5+ Kg8 60. Rf5 Kh8 61. Rf4 Rb3 62. Rg4 Rb7 63. Nf4 Rc7 64. h5 Kh7 65.
Ne6 Ra7 66. Nf8+ Kh8 67. Ng6+ Kh7 68. Nh4 Kh8 69. h6 Ra6 70. Rg6 Ra5 71. Rg7 Rh5 72.
Rb7 Rxh6 73. Kg4 Ra6 74. Nf5 Kg8 75. Kg5 Kh8 76. g4 Kg8 77. Rg7+ Kh8 78. Rc7 Kg8 79. Nh4 Kh8 80. Kh5 Kg8 81. g5 Kh8 82. Nf5 Kg8 83. Nh6+ Kf8 84. Ng4 Kg8 85. g6 Kh8 86. Kh6 Ra8 87.
Rh7+ Kg8 88. Nf6+ Kf8 89. Rh8+ Ke7 90. Rxa8 Kxf6 91. Rf8+ Ke7 92. Rf1 1-0

[Event "*** Titled Tuesday Blitz"]
[Site "Chess.com"]
[Date "2021.03.30"]
[Round "8"]
[White "eldur16"]
[Black "Myshakov_Fedor"]
[Result "0-1"]
[WhiteElo "2561"]
[BlackElo "2410"]
[TimeControl "180+1"]
[EndTime "11:31:09 PDT"]
[Termination "Myshakov_Fedor won on time"]

1. Nf3 d5 2. g3 Nf6 3. Bg2 Bg4 4. O-O e6 5. b3 Be7 6. Bb2 O-O 7. d3 Nbd7 8. Nbd2 c5 9. h3 Bh5 10. e4 dxe4 11. dxe4 Qc7 12. Qe2 Rfd8 13. Rfe1 Rac8 14. a3 b6 15. e5 Ne8 16. Nc4 b5 17. Ncd2 Nb6 18.
Qxb5 c4 19. Ne4 Rd5 20. Qa6 Qb8 21. Nd6 Bxd6 22. exd6 Nxd6 23. Be5 f6 24. Bxd6 Rxd6 25.
Qb5 Bf7 26. Qb4 cxb3 27. cxb3 Nd5 28. Qxb8 Rxb8 29. b4 Rbd8 30. Rac1 e5 31. Rc5 Nb6 32. Rc7 R6d7 33. Rec1 h5 34. g4 hxg4 35. hxg4 Nd5 36. Rxd7 Rxd7 37. Rd1 Re7 38. Ng5 Nf4 39. Rd8+ Re8 40.
Nxf7 Kxf7 41. Rd2 Ke7 42. b5 Rc8 43. a4 Rc1+ 44. Kh2 Ra1 45. Rc2 Rxa4 46. Rc7+ Kf8 47. Bc6 Ra2 48. Kg3 Ra3+ 49. Kh2 g5 50. Rb7 Ne6 51.
Bd5 Nf4 52. Bc6 Ra2 53. Kg1 Ne2+ 54. Kf1 Nd4 55. Kg2 Ra3 56. Bd5 Ke8 57. Rf7 Ra5 58. Rxf6 Rxb5 59. Be4 Ke7 60. Rg6 Ne6 61. Rh6 Nf4+ 62. Kg1 Rb4 63. f3 a5 64. Rh7+ Kd6 65.
Ra7 a4 66. Kf2 Kc5 67. Ke3 Rb3+ 68. Kd2 a3 69. Kc2 Re3 70. Kd2 Rb3 71. Kc2 Rb2+ 72.
Kc3 Ne2+ 73. Kd3 Nc1+ 74. Kc3 Ne2+ 75. Kd3 a2 76. Ra8 Nc1+ 77. Kc3 Rf2 78. Ra5+ Kb6 79. Ra8 Ne2+ 80. Kb2 Ng3+ 0-1

[Event "*** Titled Tuesday Blitz"]
[Site "Chess.com"]
[Date "2021.03.30"]
[Round "8"]
[White "enriquetejedor"]
[Black "PowerThinking2650"]
[Result "1-0"]
[WhiteElo "2617"]
[BlackElo "2433"]
[TimeControl "180+1"]
[EndTime "11:31:32 PDT"]
[Termination "enriquetejedor won by checkmate"]

1. e4 e5 2. d4 exd4 3. Nf3 Nc6 4.
Nxd4 Nf6 5. Nxc6 bxc6 6. e5 Qe7 7.
Qe2 Nd5 8. c4 Ba6 9. g3 O-O-O 10. Bg2 Nb6 11. b3 d5 12. exd6 Qxe2+ 13. Kxe2 Bxd6 14.
Bxc6 Be5 15. Nc3 Bxc3 16. Rb1 Rd6 17. Bf3 Re8+ 18. Be3 Nxc4 19. Bg4+ f5 20. Bxf5+ Kd8 21. bxc4 Bxc4+ 22. Kf3 Bd5+ 23. Kg4 Bxh1 24. Rxh1 g6 25. Bc2 Bd4 26. Bg5+ Kd7 27. f3 Re2 28. Ba4+ c6 29.
Rb1 Bb6 30. Bb3 Rxh2 31. Bf4 h5+ 32. Kg5 Rd3 33. Kxg6 Rxf3 34. Rd1+ Kc8 35. Bc4 Kb7 36. Rd7+ Kc8 37. Be6 Rxf4 38. gxf4 Kb8 39. f5 h4 40. f6 Bc5 41. f7 h3 42. Rd8+ Kc7 43. f8=Q Bxf8 44.
Rxf8 Rg2+ 45. Kf6 Rf2+ 46. Bf5 h2 47. Rh8 Rxa2 48. Ke5 Kb6 49. Kd4 c5+ 50. Kc3 Rf2 51. Be4 a5 52. Rh6+ Kc7 53. Rc6+ Kd7 54. Rh6 a4 55.
Bc6+ Ke7 56. Bxa4 Kf7 57. Kd3 Kg7 58. Rh4 Kg6 59. Ke3 Ra2 60. Bc6 Kg5 61. Rh8 Kg4 62. Rg8+ Kh3 63. Bd7+ Kh4 64. Rh8+ Kg3 65. Rg8+ Kh4 66. Rh8+ Kg3 67. Bc6 Ra3+ 68. Ke2 Ra2+ 69. Ke3 Ra3+ 70. Kd2 Ra2+ 71. Kd3 Ra1 72. Kc4 Rd1 73.
Bb7 Rc1+ 74. Kd3 c4+ 75. Kd2 Rb1 76. Be4 Ra1 77. Rg8+ Kf2 78. Rg2+ Kf1 79. Rg3 Ra2+ 80. Kc3 Rf2 81. Rh3 Kg1 82. Rg3+ Kf1 83. Rh3 Re2 84. Bd5 Rf2 85. Kxc4 Rf4+ 86. Kd3 Rf2 87. Ke3 Ke1 88. Bc4 Re2+ 89. Bxe2 h1=Q 90. Rxh1# 1-0

[Event "*** Titled Tuesday Blitz"]
[Site "Chess.com"]
[Date "2021.03.30"]
[Round "8"]
[White "Srisshhhtea"]
[Black "Niktlt"]
[Result "0-1"]
[WhiteElo "2363"]
[BlackElo "2589"]
[TimeControl "180+1"]
[EndTime "11:31:38 PDT"]
[Termination "Niktlt won by checkmate"]

1. e4 e6 2. d4 d5 3. Bd3 dxe4 4.
Bxe4 Nf6 5. Bf3 c5 6. Ne2 Nc6 7. Be3 cxd4 8. Nxd4 Ne5 9. Nc3 a6 10. Qe2 Nxf3+ 11. gxf3 Bb4 12. O-O-O Bxc3 13. Nxe6 Qa5 14.
Rd8+ Qxd8 15. Nxd8 Kxd8 16. bxc3 Be6 17. Bb6+ Ke7 18. Bc5+ Ke8 19. f4 Nd7 20. Bd6 g6 21.
Rd1 Rc8 22. Qe4 Rc6 23. Ba3 Kd8 24. Qd4 Re8 25. Qa7 Kc7 26. Qd4 Kb8 27. Bd6+ Ka8 28. h4 h5 29. Re1 Rec8 30. Bb4 Nb6 31. Re5 Na4 32. Kd2 Nb6 33. Rc5 Nc4+ 34. Kc1 a5 35.
Rxc6 Rxc6 36. Bxa5 Nxa5 37. Qd8+ Ka7 38. Qxa5+ Ra6 39. Qc5+ Kb8 40. a3 Rc6 41. Qf8+ Ka7 42. Kd2 Rc4 43. Qd6 Rc6 44. Qd4+ Kb8 45. Ke3 Kc7 46.
Qe5+ Kb6 47. a4 Ka7 48. Qa5+ Kb8 49. Kd4 Rd6+ 50. Ke5 Rc6 51. Qb4 Rc4 52. Qf8+ Ka7 53. Qe8 Rxc3 54. f5 Bxf5 55. Qxf7 Rxc2 56. f4 Rc6 57. Qd5 Ra6 58. Qc5+ Kb8 59. Qf8+ Kc7 60. Qb4 Rc6 61. a5 Re6+ 62. Kd5 Rc6 63. Ke5 Kb8 64. Qf8+ Ka7 65. Qb4 Ka6 66. Kd5 Be6+ 67. Ke5 Bf5 68. Kd5 Ka7 69. Ke5 Ra6 70. Qc5+ Kb8 71. Qf8+ Kc7 72.
Qe7+ Kb8 73. Qd8+ Bc8 74. Qd2 Re6+ 75. Kd5 Rf6 76. Ke5 Rf5+ 77. Kd6 Rf6+ 78. Ke7 Rc6 79. Kf7 Kc7 80. Qb4 Bf5 81. Qe7+ Kb8 82. Qd8+ Rc8 83. Qd6+ Ka7 84. Qb6+ Ka8 85. a6 bxa6 86.
Qxa6+ Kb8 87. Qb5+ Kc7 88. Ke7 Rb8 89. Qe5+ Kb7 90.
Qd5+ Kc7 91. Qd6+ Kb7 92. Qb4+ Kc7 93. Qa5+ Kc6 94. Qa7 Rb7+ 95. Qxb7+ Kxb7 96. Kf6 Kc6 97. Kg5 Kd5 98. Kf6 Ke4 99. Kg5 Kf3 100. Kf6 Kxf4 101. Kg7 Kg4 102. Kh6 Kxh4 103. Kg7 Kg3 104. Kh7 h4 105. Kh8 h3 106. Kg8 h2 107. Kh7 h1=Q+ 108. Kg7 Kf4 109. Kg8 Ke5 110. Kg7 Qb7+ 111. Kg8 Kf6 112. Kh8 Qg7# 0-1

[Event "*** Titled Tuesday Blitz"]
[Site "Chess.com"]
[Date "2021.03.30"]
[Round "8"]
[White "Yaryi_sergey"]
[Black "DenisQ"]
[Result "1-0"]
[WhiteElo "2536"]
[BlackElo "2640"]
[TimeControl "180+1"]
[EndTime "11:31:52 PDT"]
[Termination "Yaryi_sergey won on time"]

1. d4 d5 2. Nf3 Nf6 3. g3 Bf5 4. Bg2 e6 5. c4 c6 6. Qb3 Qb6 7. c5 Qc7 8. Bf4 Qc8 9. Nbd2 h6 10. Ne5 Nbd7 11. Qc3 Nxe5 12. Bxe5 Nd7 13. e4 dxe4 14. Bxe4 Bh3 15. Nc4 Nxe5 16. Nxe5 Be7 17. g4 f5 18. Qxh3 fxe4 19. Qh5+ Kd8 20. Nf7+ Kd7 21. Nxh8 Qxh8 22. Qe5 g5 23. Qxe4 Rf8 24. O-O-O Rf4 25. Qe5 Qf8 26. Rhe1 Qf6 27. h3 Rxf2 28. Qb8 Qf4+ 29. Qxf4 gxf4 30. Rf1 Rh2 31. Rf3 Bh4 32. Rd2 Rh1+ 33. Kc2 Bg3 34. Kd3 Rxh3 35. Ke4 Rh4 36. Rd1 Rxg4 37. Rh1 Rg6 38. b4 a6 39. a4 Rf6 40. Rh5 Rg6 41. Rb3 Rf6 42. b5 axb5 43. axb5 cxb5 44. Rh1 Kc6 45. Rhb1 f3 46. Rxf3 Rxf3 47.
Kxf3 Bc7 48. Rh1 Kd5 49. Ke3 e5 50. Rh5 b4 51. Kd3 b3 52. Kc3 b2 53. Kxb2 Kxd4 54.
Rxh6 Kxc5 55. Rh7 Kc6 56. Kc2 Bd6 57. Kd3 b5 58. Rh8 b4 59. Kc4 Kd7 60. Rh6 Kc6 61. Rg6 e4 62. Kd4 e3 63. Kxe3 Kc5 64. Kd3 Be5 65.
Rg8 Bc3 66. Rc8+ Kd5 67. Rc4 Be1 68. Re4 Bc3 69. Rh4 Be1 70. Rh5+ Ke6 71. Ke4 Bc3 72. Rh6+ Kf7 73. Kf5 b3 74. Rh7+ Ke8 75. Rb7 b2 76.
Ke6 Kd8 77. Kd6 Ke8 78. Kd5 Kd8 79. Kc4 Be5 80. Kd3 Kc8 81. Rb3 Kc7 82. Kc2 Kc6 83. Re3 Kd5 84. Rh3 Bf6 85. Rh6 Be5 86. Rh1 Bd4 87.
Kd3 Be5 88. Rd1 Bf6 89. Kc2+ Kc4 90. Rf1 Be5 91. Rf8 Bd4 92. Rc8+ Kd5 93. Rb8 Kc4 94.
Rb7 Kd5 95. Kd3 Be5 96. Rb5+ Kc6 97. Kc4 Bf6 98. Rb3 Kd6 99. Rd3+ Kc6 100. Rd1 Be5 101.
Kb3 Kc5 102. Rb1 Kd5 103. Re1 Bd4 104. Kc2 Kc4 105. Rh1 Be5 106. Rh7 Bd4 107. Rb7 Kd5 108. Kd3 Kc6 109. Rb3 Kd5 110. Rb4 Be5 111. Rb5+ Kd6 112. Kc4 Bf6 113. Rb6+ 1-0

[Event "*** Titled Tuesday Blitz"]
[Site "Chess.com"]
[Date "2021.03.30"]
[Round "8"]
[White "MikeSailer"]
[Black "DonPreuss"]
[Result "1/2-1/2"]
[WhiteElo "2130"]
[BlackElo "2268"]
[TimeControl "180+1"]
[EndTime "11:31:52 PDT"]
[Termination "Game drawn by repetition"]

1. d4 Nc6 2. Nf3 e5 3. dxe5 f6 4. exf6 Nxf6 5. Bg5 d5 6. e3 Bd6 7. Bb5 O-O 8. O-O Be6 9. Nbd2 Qe8 10. c4 Qh5 11.
Bxc6 bxc6 12. Bf4 Bg4 13. Bxd6 cxd6 14. cxd5 cxd5 15. Qa4 Ne4 16. Nxe4 dxe4 17. Qxe4 Rae8 18. Qc6 Re6 19. Nd4 Rh6 20. h3 Bxh3 21. gxh3 Qxh3 22. Qg2 Rg6 23. Qxg6 hxg6 24. Ne2 Kf7 25. Ng3 Rh8 26. Rfd1 Rd8 27. Rac1 Kg8 28. Rd4 Qe6 29. b3 Rf8 30. Rcd1 Qf6 31. R1d2 Rd8 32. Ne4 Qf5 33. Nxd6 Qg5+ 34. Kf1 Rf8 35. Ne4 Qxe3 36. Kg1 Qe1+ 37.
Kg2 Rf5 38. Ng3 Rf8 39. Rd7 Qe5 40. R7d5 Qe6 41. Rd6 Qe1 42. R6d3 g5 43. Rd4 Qe5 44. Rd5 Qf6 45. Rd6 Qf3+ 46. Kg1 g4 47. R6d3 Qf4 48. Rd4 Qe5 49. Rd5 Qe1+ 50. Kg2 Qe6 51. Rd6 Qe8 52. Rd7 Qa8+ 53. Kg1 Rc8 54. Nh5 Rc1+ 55. Rd1 Rxd1+ 56. Rxd1 Qf3 57. Rd7 g6 58. Ng3 Qf4 59. Rd8+ Kf7 60. Rd7+ Ke6 61. Rd1 Qb4 62. Kg2 Qa3 63. Rd2 Kf6 64.
Re2 Kg7 65. Kg1 Kh6 66. Kg2 Qb4 67. Kh2 a5 68. Kg2 a4 69. bxa4 Qxa4 70. Kh2 Qa8 71. Kg1 Qf3 72. Kh2 Qd3 73. Kg1 Qd1+ 74. Kg2 Qa1 75. Kh2 Qf6 76. Kg2 Qh4 77. Kg1 Qh3 78. Rd2 Qh4 79. Re2 Qg5 80. Kg2 Qc1 81. Kh2 Qc6 82.
Kg1 Kg5 83. Kh2 Kh4 84. Re4 Qc2 85. Kg2 Qc6 86. Kg1 Qd5 87. Kg2 Qd2 88. Re2 Qd5+ 89.
Kh2 Qf3 90. Rd2 Qf4 91. Re2 Qc1 92. Kg2 Qb1 93. Kh2 Qb7 94. Rd2 Qc6 95. Re2 Qf3 96.
Rd2 Qf6 97. Kg2 Qf4 98. Re2 Qf3+ 99. Kh2 Qd5 100. Rc2 Qb7 101. Re2 Qf3 1/2-1/2